 Dungeon Crawl Stone Soup version 0.20.0-15-g7f486f2 (webtiles) character file.

103905 Angani the Ninja (level 15, -5/80 HPs)
             Began as a Spriggan Enchanter on June 24, 2017.
             Was the Champion of Kikubaaqudgha.
             Slain by a swamp worm (14 damage)
             ... on level 1 of the Swamp.
             The game lasted 02:01:01 (36244 turns).

Angani the Ninja (Spriggan Enchanter)              Turns: 36244, Time: 02:01:01

Health: -5/80      AC:  6    Str:  4    XL:     15   Next: 90%
Magic:  18/26      EV: 30    Int: 23    God:    Kikubaaqudgha [******]
Gold:   1469       SH:  5    Dex: 17    Spells: 11/27 levels left

rFire    . . .     SeeInvis +   b - +5 rapier (protect)
rCold    + . .     Gourm    .   W - +0 buckler
rNeg     . . .     Faith    .   n - +1 robe {Archmagi}
rPois    .         Spirit   .   (helmet restricted)
rElec    .         Reflect  .   U - +2 cloak
rCorr    .         Harm     .   (gloves unavailable)
MR       +++..                  (boots unavailable)
Stlth    ++++++++++             (no amulet)
Regen    0.3/turn               k - ring of protection from cold
MPRegen  0.2/turn               P - ring of stealth

@: very quick
A: unfitting armour, beak, see invisible, herbivore 3, speed 3, magic resistance
1, slow metabolism 2
a: Receive Corpses, Torment, Brand Weapon With Pain, Receive Necronomicon,
Renounce Religion


You were on level 1 of the Swamp.
You worshipped Kikubaaqudgha.
Kikubaaqudgha was exalted by your worship.
You were hungry.

You visited 6 branches of the dungeon, and saw 26 of its levels.
You also visited: Bailey and Ice Cave.

You collected 2145 gold pieces.
You spent 676 gold pieces at shops.

Inventory:

Hand Weapons
 a - a +3 dagger of flaming
 b - a +5 rapier of protection (weapon)
 R - a +4 blowgun
Missiles
 q - 5 throwing nets (quivered)
 T - 8 curare-tipped needles
Armour
 n - a +1 robe of the Archmagi (worn)
 U - a +2 cloak (worn)
 W - a +0 buckler (worn)
 Y - a +0 troll leather armour
Jewellery
 k - a ring of protection from cold (left hand)
 A - an uncursed ring of magical power
 P - a ring of stealth (right hand)
 Z - an uncursed ring of wizardry
Wands
 u - a wand of digging (16/24)
 v - a wand of lightning (15/15)
 C - a wand of flame (12/48)
 K - a wand of disintegration (10/24)
 Q - a wand of scattershot (1/9)
Scrolls
 h - 10 scrolls of teleportation
 l - 3 scrolls of fog
 r - 8 scrolls of amnesia
 t - 14 scrolls of remove curse
 y - 3 scrolls of blinking
 D - 5 scrolls of recharging
 I - 3 scrolls of magic mapping
 L - a scroll of enchant armour
 N - 2 scrolls of identify
 V - a scroll of fear
Potions
 e - 9 potions of heal wounds
 f - 3 potions of mutation
 g - 6 potions of haste
 j - 3 potions of might
 m - 3 potions of brilliance
 o - 5 potions of cancellation
 p - 4 potions of invisibility
 s - 10 potions of curing
 x - 5 potions of flight
 z - 10 potions of lignification
 F - a potion of resistance
 M - a potion of agility
 O - a potion of berserk rage
Books
 c - a book of the Warp

   Spells                             Type                      Level
   a - Gell's Gravitas                Translocation                3
   b - Portal Projectile              Hexes/Translocation          3
   c - Force Lance                    Conjuration/Translocation    4
   d - Dispersal                      Translocation                6
   e - Controlled Blink               Translocation                8
   f - Disjunction                    Translocation                8
 i - a book of Power

   Spells                             Type                      Level
   a - Iskenderun's Battlesphere      Conjuration/Charms           5
   b - Venom Bolt                     Conjuration/Poison           5
   c - Bolt of Magma                  Conjuration/Fire/Earth       5
   d - Iron Shot                      Conjuration/Earth            6
   e - Orb of Destruction             Conjuration                  7
   f - Spellforged Servitor           Conjuration/Summoning        7
 B - Kikubaaqudgha's Reference Book on Evil Secrets
   (Kikubaaqudgha gifted it to you on level 8 of the Dungeon)

   Spells                             Type                      Level
   a - Animate Skeleton               Necromancy                   1
   b - Corpse Rot                     Necromancy                   2
   c - Sublimation of Blood           Necromancy                   2
   d - Vampiric Draining              Necromancy                   3
   e - Control Undead                 Necromancy                   4
 G - Kikubaaqudgha's Almanac of Sinister Secrets
   (Kikubaaqudgha gifted it to you on level 10 of the Dungeon)

   Spells                             Type                      Level
   a - Animate Dead                   Necromancy                   4
   b - Excruciating Wounds            Charms/Necromancy            5
   c - Agony                          Necromancy                   5
   d - Dispel Undead                  Necromancy                   5
   e - Death Channel                  Necromancy                   6
Comestibles
 d - 10 bread rations
 w - 13 royal jellies


   Skills:
 - Level 10.0 Fighting
 - Level 10.3 Short Blades
 - Level 15.1 Dodging
 O Level 27 Stealth
 + Level 6.6 Spellcasting
 + Level 10.1 Hexes
 - Level 0.5 Necromancy
 - Level 3.0 Translocations


You had 11 spell levels left.
You knew the following spells:

 Your Spells              Type           Power        Failure   Level  Hunger
a - Blink                 Tloc           N/A          6%          2    None
b - Ensorcelled Hibernat  Hex/Ice        #####.       2%          2    None
c - Confuse               Hex            ######..     1%          3    None
d - Dispel Undead         Necr           ##......     96%         5    #####..
e - Fulminant Prism       Conj/Hex       #####.....   17%         4    ###....


Dungeon Overview and Level Annotations

Branches:
Dungeon (15/15)            Temple (1/1) D:7            Lair (6/6) D:10
  Swamp (1/4) Lair:4       Spider (0/4) Lair:4        Slime (0/5) Lair:5
    Orc (2/2) D:10            Elf (0/3) Orc:2        Vaults (0/5) D:14
 Depths (1/5) D:15

Altars:
Ashenzari
Cheibriados
Dithmenos
Elyvilon
Fedhas
Gozag
Hepliaklqana
Kikubaaqudgha
Makhleb
Nemelex Xobeh
Okawaru
Qazlal
Ru
Sif Muna
Trog
Uskayaw
Vehumet
Xom
Yredelemnul
Zin
The Shining One
Beogh
Lugonu

Shops:
D:10 [   D:11 *   Orc:1 %   Orc:2 }?((

Portals:
Hell: Depths:1

Annotations:
D:12 exclusion: obsidian statue
Lair:2 exclusion: 2 oklob plants
Lair:5 exclusion: 4 oklob plants
Lair:6 2 runed doors


Innate Abilities, Weirdness & Mutations

You are very small and have problems with some larger weapons.
You are too small for most types of armour.
You have supernaturally acute eyesight. (SInv)
You are a herbivore.
You cover ground extremely quickly.
You need consume almost no food.
You have a beak for a mouth.
You are resistant to hostile enchantments. (MR+)


Message History

The vampire mosquito misses you. The tyrant leech closely misses you.
You block the tyrant leech's attack.
The swamp worm bites you but does no damage.
The vampire mosquito completely misses you. x3
The vampire mosquito misses you. The tyrant leech closely misses you.
The swamp worm misses you. You block the tyrant leech's attack.
The vampire mosquito bites you but does no damage.
The vampire mosquito bites you!
* * * LOW HITPOINT WARNING * * *
The vampire mosquito draws strength from your injuries!
You block the vampire mosquito's attack.
The vampire mosquito completely misses you.
The swamp worm bites you!
* * * LOW HITPOINT WARNING * * *
The vampire mosquito buzzes angrily.
The tyrant leech completely misses you. The tyrant leech misses you.
The vampire mosquito completely misses you. x2
The swamp worm bites you!
You die...
Kikubaaqudgha rasps: "You have failed me!
Welcome... death!"

♣♣ ♣♣♣♣ ♣♣♣.♣♣ ♣>.♣♣
♣♣).≈.♣♣♣y.≈♣♣
♣...§≈..yw@w.♣
.♣♣.≈.≈≈..♣wy≈.(....
...≈≈≈≈..≈≈≈≈♣♣.≈≈..
.♣.≈≈.≈≈≈≈...♣♣♣....
...≈≈.≈§≈.≈y≈..♣♣♣♣.
≈≈.≈§.≈..≈≈≈≈≈≈.♣
≈≈♣≈y≈≈..≈≈≈≈≈≈≈.
≈≈≈≈.≈...≈≈≈≈≈≈≈.
..$≈≈≈....≈≈≈≈≈≈.


You could see 2 tyrant leeches, a swamp worm and 4 vampire mosquitoes.

Vanquished Creatures
  3 orc warlords
  A stone giant (D:15)
  Josephine (D:14)
  An ettin (Depths:1)
  Snorg (Lair:4)
  A fire dragon (D:15)
  An ice dragon (Depths:1)
  A great orb of eyes (Depths:1)
  2 ogre magi
  5 hydras (Lair:6)
  A death knight (D:13)
  20 two-headed ogres
  A centaur warrior (Depths:1)
  The ghost of DasRunzen the Skirmisher, a novice DsGl of Okawaru (D:10)
  2 tengu warriors (Depths:1)
  5 orc high priests (Orc:2)
  Urug (D:14)
  Sonja (Lair:3)
  2 unseen horrors
  A wizard (D:15)
  A lindwurm (Lair:6)
  A necromancer (IceCv)
  6 orc knights
  13 ugly things
  A wolf spider (D:15)
  A deep elf mage (D:14)
  7 orc sorcerers
  A faun (shapeshifter) (D:15)
  3 manticores
  7 cyclopes
  15 elephants
  6 centaur zombies
  8 black mambas
  A guardian serpent (shapeshifter) (Depths:1)
  A gargoyle (D:14)
  A naga mage (D:15)
  4 spiny frogs
  2 yaktaurs
  A rime drake (Lair:3)
  An efreet (D:14)
  2 freezing wraiths (D:13)
  9 komodo dragons
  4 ice devils (IceCv)
  A queen bee (D:8)
  3 tengu conjurers
  9 trolls
  3 hornets
  Grinder (D:4)
  A hippogriff (shapeshifter) (Depths:1)
  14 blink frogs
  8 hippogriffs
  A meliai zombie (D:13)
  8 wraiths
  36 yaks
  A shadow (D:14)
  A hog (shapeshifter) (D:15)
  2 basilisks
  2 hungry ghosts
  The ghost of ghwc the Cudgeler, an amateur DsWn (D:4)
  3 vampire mosquitoes (D:15)
  Menkaure (D:5)
  6 wargs
  15 water moccasins
  2 acid dragons
  6 porcupines
  A hornet zombie (D:15)
  A hell hound (Lair:6)
  3 ice beasts
  60 orc warriors
  2 black bears
  5 sky beasts
  29 ogres
  A necrophage (D:8)
  13 wolves
  A phantom (D:14)
  3 boggarts
  4 centaurs
  15 crocodiles
  Blork the orc (D:4)
  14 bullfrogs
  2 big kobolds
  2 wyvern zombies (D:12)
  A gnoll sergeant (D:11)
  8 scorpions
  A wyvern skeleton (D:14)
  13 killer bees (D:8)
  9 wights
  2 howler monkeys (D:4)
  6 crimson imps
  A draconian simulacrum (IceCv)
  7 jellies
  34 orc priests
  4 centaur skeletons
  4 hounds
  8 iguanas
  19 orc wizards
  6 worker ants
  2 centaur simulacra (IceCv)
  A hound zombie (D:12)
  A hound skeleton (D:7)
  A mummy (D:7)
  11 gnolls
  2 howler monkey skeletons (D:6)
  A worker ant zombie (D:8)
  13 adders
  3 naga simulacra (IceCv)
  4 ogre simulacra (IceCv)
  A shadow imp (D:14)
  2 oozes (D:1)
  4 adder skeletons
  2 worms
  4 dart slugs
  7 leopard geckos
  143 orcs
  4 bats
  8 giant cockroaches
  5 hobgoblins
  13 jackals
  4 quokkas
  9 frilled lizards
  11 goblins
  A hobgoblin zombie (D:7)
  23 kobolds
  A kobold zombie (D:7)
  2 orc zombies (D:7)
  A quokka zombie (D:9)
  8 rats
  A fungus (Lair:4)
846 creatures vanquished.

Vanquished Creatures (collateral kills)
  A worker ant (Lair:4)
1 creature vanquished.

Vanquished Creatures (others)
  A bullfrog (D:13)
  A crimson imp (D:14)
  5 fungi
  9 plants
16 creatures vanquished.

Grand Total: 863 creatures vanquished

Notes
Turn   | Place    | Note
-------+----------+-------------------------------------------
     0 | D:1      | Angani the Spriggan Enchanter began the quest for the Orb.
     0 | D:1      | Reached XP level 1. HP: 9/9 MP: 5/5
   347 | D:1      | Reached XP level 2. HP: 12/13 MP: 6/6
   358 | D:1      | Learned a level 2 spell: Ensorcelled Hibernation
  1219 | D:2      | Gained mutation: You are resistant to hostile enchantments. (MR+) [potion of mutation]
  1219 | D:2      | Gained mutation: You have a beak for a mouth. [potion of mutation]
  1704 | D:1      | Reached XP level 3. HP: 16/16 MP: 5/8
  1737 | D:1      | Learned a level 3 spell: Confuse
  2097 | D:2      | Reached skill level 5 in Stealth
  2287 | D:2      | Reached XP level 4. HP: 13/21 MP: 2/9
  2683 | D:3      | Found a faded altar of an unknown god.
  3134 | D:3      | Found an opulent altar of Gozag.
  3284 | D:3      | Noticed an orc warrior
  3484 | D:4      | Noticed Blork the orc
  3494 | D:4      | Killed Blork the orc
  3494 | D:4      | Reached skill level 5 in Short Blades
  3494 | D:4      | Reached skill level 6 in Stealth
  3494 | D:4      | Reached XP level 5. HP: 24/24 MP: 5/10
  3544 | D:4      | Noticed ghwc's ghost (amateur DsWn)
  3750 | D:4      | Killed ghwc's ghost
  3750 | D:4      | Reached skill level 7 in Stealth
  3750 | D:4      | Reached XP level 6. HP: 28/28 MP: 8/11
  4058 | D:4      | Reached skill level 8 in Stealth
  4131 | D:4      | Found a snail-covered altar of Cheibriados.
  4261 | D:4      | Noticed Grinder
  4268 | D:4      | Killed Grinder
  4268 | D:4      | Reached XP level 7. HP: 32/32 MP: 14/14
  4461 | D:5      | Entered Level 5 of the Dungeon
  4598 | D:5      | Found a sparkling altar of Nemelex Xobeh.
  4614 | D:5      | Noticed Menkaure
  4620 | D:5      | Killed Menkaure
  4732 | D:5      | Reached XP level 8. HP: 37/37 MP: 10/15
  4887 | D:5      | Reached skill level 1 in Fighting
  5350 | D:5      | Learned a level 2 spell: Blink
  5680 | D:6      | Found a stormy altar of Qazlal.
  6010 | D:6      | Reached skill level 5 in Dodging
  6926 | D:7      | Reached XP level 9. HP: 44/44 MP: 16/16
  7081 | D:7      | Found a staircase to the Ecumenical Temple.
  7091 | Temple   | Entered the Ecumenical Temple
  7209 | Temple   | Became a worshipper of Kikubaaqudgha
  7274 | D:7      | Reached skill level 9 in Stealth
  7915 | D:7      | Reached skill level 10 in Stealth
  8289 | D:8      | Found a glowing silver altar of Zin.
  8354 | D:8      | Found a radiant altar of Vehumet.
  8380 | D:8      | Reached * piety under Kikubaaqudgha
  8380 | D:8      | Identified Kikubaaqudgha's Reference Book on Evil Secrets (Kikubaaqudgha gifted it to you on level 8 of the Dungeon)
  8380 | D:8      | Received a gift from Kikubaaqudgha
  8383 | D:8      | Found a basalt altar of Yredelemnul.
  8441 | D:8      | Noticed a moth of wrath
  8445 | D:8      | Found a bloodstained altar of Trog.
  8932 | D:8      | Noticed a queen bee
  8950 | D:8      | Killed a queen bee
  8950 | D:8      | Reached skill level 11 in Stealth
  8999 | D:8      | Reached skill level 12 in Stealth
  9603 | D:9      | Reached ** piety under Kikubaaqudgha
  9724 | D:9      | Found a shattered altar of Ashenzari.
  9725 | D:9      | Found a shimmering altar of Xom.
  9778 | D:9      | Noticed a two-headed ogre
  9807 | D:9      | Killed a two-headed ogre
  9807 | D:9      | Reached skill level 5 in Spellcasting
  9807 | D:9      | Reached XP level 10. HP: 51/51 MP: 2/19
 10025 | D:9      | Found a hazy altar of Hepliaklqana.
 10139 | D:9      | Found a glowing golden altar of the Shining One.
 10186 | D:9      | Noticed a two-headed ogre
 10211 | D:9      | Killed a two-headed ogre
 10211 | D:9      | Reached skill level 5 in Fighting
 10739 | D:10     | Entered Level 10 of the Dungeon
 10783 | D:10     | Found a sacrificial altar of Ru.
 10908 | D:10     | Noticed a two-headed ogre
 10916 | D:10     | Killed a two-headed ogre
 10948 | D:10     | Reached *** piety under Kikubaaqudgha
 10948 | D:10     | Identified Kikubaaqudgha's Almanac of Sinister Secrets (Kikubaaqudgha gifted it to you on level 10 of the Dungeon)
 10948 | D:10     | Received a gift from Kikubaaqudgha
 10956 | D:10     | Learned a level 5 spell: Dispel Undead
 11070 | D:10     | Noticed DasRunzen's ghost (novice DsGl)
 11127 | D:10     | Killed DasRunzen's ghost
 11181 | D:10     | Found a staircase to the Lair.
 11491 | D:10     | Found a staircase to the Orcish Mines.
 11533 | D:10     | Found Jytuwn's Antique Armour Boutique.
 11620 | D:10     | Reached XP level 11. HP: 56/56 MP: 17/21
 11728 | D:11     | Reached skill level 10 in Hexes
 11894 | D:11     | Noticed a two-headed ogre
 11902 | D:11     | Killed a two-headed ogre
 11902 | D:11     | Reached skill level 10 in Short Blades
 12038 | D:11     | Noticed a two-headed ogre
 12082 | D:11     | Killed a two-headed ogre
 12082 | D:11     | Reached **** piety under Kikubaaqudgha
 12396 | D:11     | Found Son Diso's Demolitions Depot.
 12507 | D:11     | Noticed a two-headed ogre
 12527 | D:11     | Killed a two-headed ogre
 12800 | D:11     | Noticed a red ugly thing
 12801 | D:11     | Reached skill level 13 in Stealth
 13105 | D:11     | Reached skill level 10 in Dodging
 13304 | D:11     | Killed a red ugly thing
 13409 | Lair:1   | Entered Level 1 of the Lair of Beasts
 13893 | Lair:1   | Reached skill level 14 in Stealth
 14852 | Lair:2   | Noticed an oklob plant
 14852 | Lair:2   | Noticed an oklob plant
 15453 | Lair:3   | Reached XP level 12. HP: 61/61 MP: 22/22
 15613 | Lair:3   | Reached skill level 15 in Stealth
 15735 | Lair:3   | Noticed Sonja
 15742 | Lair:3   | Killed Sonja
 16473 | Lair:4   | Found a staircase to the Swamp.
 16489 | Lair:4   | Found a hole to the Spider Nest.
 16504 | Lair:4   | Noticed Snorg
 16506 | Lair:4   | Killed Snorg
 16574 | Lair:4   | Reached ***** piety under Kikubaaqudgha
 17363 | Lair:4   | Reached skill level 15 in Dodging
 17677 | Lair:5   | Found a staircase to the Slime Pits.
 17935 | Lair:5   | Reached skill level 16 in Stealth
 18800 | Lair:5   | Reached skill level 17 in Stealth
 18804 | Lair:5   | Reached XP level 13. HP: 52/67 MP: 14/23
 19256 | Lair:6   | Entered Level 6 of the Lair of Beasts
 19581 | Lair:5   | Reached skill level 18 in Stealth
 21058 | Lair:6   | Reached skill level 19 in Stealth
 21557 | Lair:6   | Noticed a fire dragon
 21559 | Lair:6   | Found a large runed door.
 21559 | Lair:6   | Found a large runed door.
 22867 | D:12     | Reached skill level 20 in Stealth
 22930 | D:12     | Reached ****** piety under Kikubaaqudgha
 23829 | D:13     | Reached XP level 14. HP: 75/75 MP: 16/24
 24454 | D:14     | Noticed Josephine
 24561 | D:14     | Reached skill level 21 in Stealth
 24691 | D:14     | Killed Josephine
 24892 | D:14     | Noticed Urug
 24902 | D:14     | Found a shimmering altar of Xom.
 24936 | D:14     | Killed Urug
 25311 | D:14     | Found a gate to the Vaults.
 25625 | D:14     | Reached skill level 22 in Stealth
 26066 | D:15     | Entered Level 15 of the Dungeon
 26288 | D:15     | Reached skill level 10 in Fighting
 26989 | D:15     | Reached skill level 23 in Stealth
 27597 | D:15     | Found a staircase to the Depths.
 27761 | Orc:1    | Entered Level 1 of the Orcish Mines
 27761 | Orc:1    | Noticed an orc warlord
 27803 | Orc:1    | Found Ycun's Food Boutique.
 27817 | Orc:1    | Found a frozen archway.
 27822 | Orc:1    | Found a flagged portal.
 27831 | Bailey   | Entered a bailey
 27951 | Bailey   | Reached skill level 1 in Translocations
 28308 | IceCv    | Entered an ice cave
 28782 | IceCv    | Reached XP level 15. HP: 80/80 MP: 25/25
 29029 | Orc:1    | Noticed an orc warlord
 29054 | Orc:2    | Entered Level 2 of the Orcish Mines
 29082 | Orc:2    | Reached skill level 24 in Stealth
 29804 | Orc:2    | Found a roughly hewn altar of Beogh.
 29948 | Orc:2    | Found Yraurobe's Weapon Shop.
 29964 | Orc:2    | Found Laowkaku's Weapon Boutique.
 30142 | Orc:2    | Reached skill level 25 in Stealth
 30448 | Orc:2    | Found a staircase to the Elven Halls.
 31065 | Orc:2    | Found Xiwniddau's Gadget Shoppe.
 31414 | Orc:2    | Noticed an orc warlord
 31682 | Orc:2    | Killed an orc warlord
 32379 | Orc:2    | Found a roughly hewn altar of Beogh.
 32391 | Orc:2    | Found Gugemnic's Magic Scroll Shop.
 32570 | Orc:2    | Bought a scroll of acquirement for 676 gold pieces
 33428 | Orc:1    | Killed an orc warlord
 33428 | Orc:1    | Reached skill level 26 in Stealth
 33613 | Orc:1    | Killed an orc warlord
 34447 | Depths:1 | Entered Level 1 of the Depths
 34613 | Depths:1 | Found a gateway to Hell.
 35360 | D:15     | Reached skill level 27 in Stealth
 35919 | Orc:2    | Learned a level 4 spell: Fulminant Prism
 36200 | Swamp:1  | Entered Level 1 of the Swamp
 36244 | Swamp:1  | Slain by a swamp worm

Skill      XL: |  1  2  3  4  5  6  7  8  9 10 11 12 13 14 15 |
---------------+----------------------------------------------+-----
Short Blades   | 2 3 5 8 9 10 | 10.3
Stealth        | 5 6 7 8 12 14 17 20 23 27 | 27.0
Spellcasting   | 3 4 5 6 |  6.6
Hexes          | 4 6 8 9 10 | 10.1
Fighting       | 3 4 6 7 9 10 | 10.0
Dodging        | 8 11 15 | 15.1
Translocations | 3 |  3.0
Necromancy     | |  0.5

Action                   |  1- 3 |  4- 6 |  7- 9 | 10-12 | 13-15 || total
-------------------------+-------+-------+-------+-------+-------++-------
Melee: Dagger            |    70 |    76 |   317 |   614 |   708 ||  1785
       Peck              |     1 |     8 |    34 |    86 |   233 ||   362
       Rapier            |       |       |       |       |   873 ||   873
 Cast: Ensorcelled Hiber |    35 |    34 |    67 |    63 |   111 ||   310
       Confuse           |       |     4 |    27 |   110 |   390 ||   531
       Blink             |       |       |       |       |    11 ||    11
Evoke: Wand              |       |       |       |     2 |     4 ||     6
  Use: Potion            |     1 |       |       |       |       ||     1
       Scroll            |       |     3 |    11 |     5 |    19 ||    38
 Stab: Sleeping          |    20 |    27 |    67 |    60 |   142 ||   316
       Distracted        |     1 |       |     1 |     4 |     9 ||    15
       Confused          |       |     3 |     9 |    70 |   209 ||   291
  Eat: Bread ration      |       |     1 |     1 |     2 |     1 ||     5
       Fruit             |       |       |       |     1 |    11 ||    12
       Royal jelly       |       |       |       |       |     3 ||     3
Armor: Robe              |    14 |     1 |     6 |    14 |     5 ||    40
       Troll leather arm |       |       |       |       |    66 ||    66
Dodge: Dodged            |    57 |    47 |   190 |   317 |   894 ||  1505
Block: Buckler           |       |       |       |       |   135 ||   135
